AoeStats
← Blyad _Mann

Arena

508613706Analyzed
4v4 RM · 9d ago on Sep 23, 2026· 55m 5s· 8 players
Game mode
Random Map
Map size
Large (8 player)
Population
200
Speed
Normal
Resources
Standard
Victory
Conquest
Starting age
Dark Age
Ending age
Imperial Age
RankedLock teamsTeams togetherTeam positionsShared explorationLock speedFull tech treeHidden civsTurbo modeCheats
Victory
Defeat
🇳🇱 Danes · Netherlands
975
+18
🇨🇳 Celts · China
968
+18
🇧🇪 Teutons · Belgium
914
+21
🇫🇷 Turks · France
909
+20
1173
-26
🇨🇳 Huns · China
1015
-19
🇨🇳 Bohemians · China
989
-18
🇨🇳 Saracens · China
896
-14
Blyad _Mann
0:26 Loom
10:34 Feudal Age
11:04 Double-Bit Axe
16:08 Castle Age
14:28 Gold Mining
14:45 Horse Collar
14:58 Stone Mining
18:01 Squires
17:21 Pikeman
23:50 Scale Mail Armor
27:03 Chain Mail Armor
26:58 Forging
28:43 Gambesons
28:45 Arson
33:02 Imperial Age
30:35 Heavy Plow
31:12 Wheelbarrow
33:53 Hand Cart
33:15 Elite Jomsviking
34:52 Iron Casting
34:47 Plate Mail Armor
34:36 Bow Saw
35:30 Conscription
35:36 Conscription
35:57 Halberdier
36:58 Hamask
37:12 Elite Varangian Guard
38:56 Plate Mail Armor
41:48 Blast Furnace
41:04 Northmen's Fury
44:26 Onager
47:59 Siege Onager
50:08 Ballistics
50:49 Chemistry
50:06 Siege Engineers
52:38 Chemistry
51:52 Masonry
Furi
12:13 Feudal Age
16:30 Castle Age
21:48 Imperial Age
19:50 Double-Bit Axe
19:58 Horse Collar
22:47 Gold Mining
36:05 Ballistics
36:30 Bow Saw
41:34 Wheelbarrow
43:07 Hand Cart
42:46 Stone Mining
43:32 Gold Shaft Mining
43:40 Gold Shaft Mining
43:08 Heavy Plow
44:11 Two-Man Saw
46:05 Heavy Scorpion
48:58 Parthian Tactics
50:19 Heavy Cavalry Archer
51:52 Treadmill Crane
53:31 Conscription
President of USA
2:58 Loom
13:03 Feudal Age
14:00 Double-Bit Axe
17:14 Castle Age
14:58 Horse Collar
18:36 Bow Saw
18:47 Heavy Plow
20:34 Wheelbarrow
29:59 Imperial Age
27:47 Hand Cart
28:11 Scale Mail Armor
28:22 Forging
29:16 Chain Mail Armor
29:00 Gold Mining
29:03 Stone Mining
28:48 Pikeman
30:47 Halberdier
32:21 Plate Mail Armor
32:27 Iron Casting
32:30 Conscription
32:58 Stronghold
33:48 Gold Shaft Mining
33:20 Arson
33:31 Elite Woad Raider
35:17 Blast Furnace
34:08 Fletching
38:04 Hoardings
38:45 Fortified Wall
38:31 Murder Holes
38:47 Masonry
38:43 Siege Engineers
38:59 Ballistics
39:40 Chemistry
39:43 Town Watch
40:09 Town Watch
41:05 Bodkin Arrow
lodecesky
0:30 Loom
2:37 Loom
11:35 Feudal Age
13:26 Man-at-Arms
13:56 Double-Bit Axe
16:55 Arson
18:53 Horse Collar
20:32 Gold Mining
20:34 Stone Mining
22:56 Castle Age
21:00 Stone Mining
24:42 Fletching
27:42 Heavy Plow
28:25 Wheelbarrow
28:33 Scale Barding Armor
32:21 Gold Mining
35:24 Fortified Wall
40:15 Imperial Age
39:55 Hand Cart
40:54 Bloodlines
41:02 Forging
41:22 Guilds
42:47 Cavalier
44:44 Crenellations
44:44 Conscription
45:27 Crop Rotation
46:54 Pikeman
47:36 Squires
48:49 Scale Mail Armor
49:25 Iron Casting
49:11 Chain Barding Armor
53:24 Blast Furnace
NeeoNone
4:39 Loom
10:38 Feudal Age
11:39 Double-Bit Axe
15:56 Castle Age
17:52 Wheelbarrow
17:42 Bow Saw
17:14 Horse Collar
21:18 Wheelbarrow
23:04 Husbandry
23:19 Bloodlines
27:03 Light Cavalry
27:56 Thumb Ring
30:05 Forging
30:00 Scale Barding Armor
29:39 Elite Skirmisher
36:51 Imperial Age
34:09 Town Watch
34:40 Hand Cart
36:53 Heavy Cavalry Archer
37:58 Parthian Tactics
37:26 Fletching
37:36 Padded Archer Armor
38:09 Conscription
37:18 Capped Ram
38:12 Hussar
40:35 Chemistry
39:57 Ballistics
40:17 Bodkin Arrow
40:38 Leather Archer Armor
41:28 Bracer
44:59 Ring Archer Armor
叽里咕噜说啥呢
10:05 Feudal Age
14:07 Castle Age
13:26 Double-Bit Axe
16:03 Bow Saw
17:48 Horse Collar
19:44 Loom
19:52 Loom
23:31 Heavy Plow
23:45 Stone Mining
23:45 Gold Mining
28:39 Wheelbarrow
30:00 Fletching
30:11 Padded Archer Armor
31:01 Bodkin Arrow
31:43 Leather Archer Armor
45:27 Treadmill Crane
56:15 Imperial Age
雪伊⑨
10:56 Feudal Age
11:41 Double-Bit Axe
12:08 Horse Collar
17:19 Castle Age
16:38 Stone Mining
21:44 Heavy Plow
22:12 Bow Saw
23:26 Wheelbarrow
30:59 Imperial Age
28:56 Forging
28:53 Scale Barding Armor
29:15 Loom
29:48 Hand Cart
30:48 Gold Mining
32:14 Conscription
31:55 Marauders
32:06 Husbandry
32:17 Bloodlines
33:23 Two-Man Saw
32:58 Marauders
33:47 Iron Casting
33:33 Chain Barding Armor
35:38 Blast Furnace
35:02 Elite Tarkan
猛将兄
5:42 Loom
11:16 Feudal Age
11:58 Double-Bit Axe
12:16 Man-at-Arms
13:16 Horse Collar
21:32 Castle Age
22:51 Fletching
27:24 Wheelbarrow
27:21 Bow Saw
31:16 Imperial Age
29:49 Bodkin Arrow
33:55 Bracer
Connection lost

Rejoining the realm…

Still unreachable

The connection could not be restored.

Session expired

The server has moved on; the page needs a fresh start.